 Dungeon Crawl Stone Soup version 0.22-a0-553-g9358b0b (webtiles) character file.

18430 Amnesiac the Blocker (level 12, -8/64 HPs)
             Began as a Vine Stalker Fighter on June 25, 2018.
             Was an Initiate of Gozag.
             Engulfed by an ice statue's freezing vapour (16 damage)
             ... in an ice cave.
             The game lasted 00:19:53 (10428 turns).

Amnesiac the Blocker (Vine Stalker Fighter)        Turns: 10428, Time: 00:19:54

Health: -8/64      AC: 19    Str: 24    XL:     12   Next: 58%
Magic:  0/18       EV:  7    Int: 11    God:    Gozag
Gold:   3602       SH: 26    Dex: 14    Spells: 8/11 levels left

rFire    . . .     SeeInvis +   a - +2 dagger (venom)
rCold    . . .     Gourm    .   y - +1 large shield
rNeg     . . .     Faith    .   s - +0 plate armour
rPois    .         Spirit   +   u - +1 helmet {Int+3}
rElec    .         Reflect  +   A - +0 cloak
rCorr    .         Harm     .   v - +0 pair of gloves
MR       +....                  D - +0 pair of boots
Stlth    ..........             E - brooch of Shielding {Reflect SH+8}
HPRegen  1.00/turn              H - ring of see invisible
MPRegen  0.16/turn              (no ring)

@: very slightly contaminated, invisible
A: fangs 3, regeneration 2, magic shield, antimagic bite, no potion heal 3, rot
immunity
a: Potion Petition, Call Merchant, Bribe Branch, Renounce Religion


You were in an ice cave.
You worshipped Gozag.
Gozag was most pleased with you.
You were not hungry.

You visited 3 branches of the dungeon, and saw 14 of its levels.
You also visited: Ice Cave.

You collected 3684 gold pieces.
You paid 82 gold pieces to Gozag.

Inventory:

Hand Weapons
 a - a +2 dagger of venom (weapon)
 b - a +0 dagger of draining
 G - a +2 dagger of freezing
Armour
 s - a +0 plate armour (worn)
 u - a +1 helmet of intelligence (worn)
 v - a +0 pair of gloves (worn)
 y - a +1 large shield (worn)
 A - a +0 cloak (worn)
 D - a +0 pair of boots (worn)
Jewellery
 e - an uncursed ring of fire
 q - an uncursed amulet of rage
 E - the brooch of Shielding (around neck) {Reflect SH+8}
   (You found it on level 10 of the Dungeon)

   [amulet of reflection]

   It shields you and reflects attacks.
   It affects your SH (+8).
 H - a ring of see invisible (left hand)
Wands
 g - a wand of flame (51)
 F - a wand of polymorph (8)
Scrolls
 c - a scroll of fear {!r}
 i - 2 scrolls of fog {!r}
 k - 4 scrolls of identify {!r}
 l - 2 scrolls of remove curse {!r}
 n - 6 scrolls of enchant armour {!r}
 p - a scroll of teleportation {!r}
 w - 2 scrolls of enchant weapon {!r}
 C - 2 scrolls of amnesia {!r}
 I - a scroll of silence {!r}
Potions
 d - 2 potions of might {!q}
 h - 5 potions of curing {!q}
 j - 4 potions of brilliance {!q}
 m - a potion of invisibility {!q}
 o - 2 potions of mutation {!q}
 r - 3 potions of flight {!q}
 t - a potion of haste {!q}
 x - a potion of resistance {!q}
 B - 2 potions of lignification {!q}
Comestibles
 f - 14 rations


   Skills:
 + Level 8.1 Fighting
 - Level 8.0 Short Blades
 + Level 7.3 Armour
 + Level 7.3 Dodging
 + Level 8.1 Shields
 + Level 7.5 Evocations


You had 8 spell levels left.
You knew the following spells:

 Your Spells              Type           Power        Failure   Level  Hunger
r - Regeneration          Chrm/Necr      #.........   100%        3    ####...

Your spell library contained the following spells:

 Spells                   Type           Power        Failure   Level  Hunger
 Animate Dead             Necr           N/A          100%        4    #####..
 Pain                     Necr           #...         100%        1    ##.....
 Animate Skeleton         Necr           N/A          100%        1    ##.....
 Vampiric Draining        Necr           #.........   100%        3    ####...


Dungeon Overview and Level Annotations

Branches:
Dungeon (11/15)            Temple (1/1) D:4            Lair (0/6) D:9
    Orc (2/2) D:11
    Elf: Orc:2

Altars:
Ashenzari
Cheibriados
Dithmenos
Elyvilon
Fedhas
Gozag
Hepliaklqana
Kikubaaqudgha
Makhleb
Nemelex Xobeh
Okawaru
Qazlal
Ru
Sif Muna
Trog
Uskayaw
Vehumet
Wu Jian
Xom
Yredelemnul
Zin
The Shining One

Shops:
D:4 !

Annotations:
IceCv 1 transporter, exclusion: 2 ice statues


Innate Abilities, Weirdness & Mutations

You have razor-sharp teeth.
You heal very quickly.
When hurt, damage is shared between your health and your magic reserves.
Your bite disrupts and absorbs the magic of your enemies.
Potions cannot restore your health.
You are immune to rotting.


Message History

The white ugly thing is lightly wounded.
The white ugly thing punches you. The white ugly thing freezes you!
* * * LOW HITPOINT WARNING * * *
You block the ice beast's attack.
You block the white ugly thing's attack.
You block the ice beast's attack. You block the ice beast's attack.
Really quaff
m - 2 potions of invisibility {!q}?
You fade into invisibility!
The white ugly thing punches you but does no damage.
You block the ice beast's attack.
You are very lightly contaminated with residual magic.
You hit the white ugly thing.
The white ugly thing looks as sick as possible!
You bite the white ugly thing, but do no damage.
The white ugly thing is moderately wounded.
The ice statue gestures at you.
The ice statue glitters chillingly in the dim dungeon light.
You block the white ugly thing's attack.
You block the ice beast's attack.
You hit the white ugly thing.
The white ugly thing looks as sick as possible!
You bite the white ugly thing, but do no damage.
The white ugly thing is moderately wounded.
The white ugly thing closely misses you.
You barely miss the white ugly thing.
The white ugly thing is moderately wounded.
The ice statue gestures at you.
The freezing blast engulfs the ice beast.
The ice beast completely resists.
You block the white ugly thing's attack.
You hit the white ugly thing.
The white ugly thing looks as sick as possible!
You bite the white ugly thing. You drain its power.
You feel invigorated.
The white ugly thing is heavily wounded.
You are engulfed in freezing vapours.
* * * LOW HITPOINT WARNING * * *
You block the ice beast's attack. x2
The ice statue gestures at you.
The freezing blast engulfs the ice beast.
The ice beast completely resists.
Okay, then.
Really read
z - a scroll of blinking {!r}?
Blink to where?
Press: ? - help, Dir - move target cursor
As you read the scroll of blinking {!r}, it crumbles to dust.
The white ugly thing is engulfed in freezing vapours.
Found a ration and 32 gold pieces.
Found a transporter.
You hit the ice statue but do no damage.
You hit the ice statue but do no damage.
You bite the ice statue, but do no damage.
The white ugly thing is engulfed in freezing vapours.
You hit the ice statue but do no damage.
You bite the ice statue, but do no damage.
The white ugly thing is engulfed in freezing vapours.
You hit the ice statue but do no damage.
You bite the ice statue, but do no damage.
The ice statue gestures at you. The freezing blast engulfs you!
* * * LOW HITPOINT WARNING * * *
Okay, then.
You are engulfed in freezing vapours.
You die...
Your body crumbles into a pile of gold.

###...####
##........##
#..........##
#...........##
#.8..8.......#
#$.[...§.....#
#©[.§Y§..©.∩.#
#%.$§§§..uY.Y#
#.8.@8§..§.Y.#
#...........##
#........§.##
##........##
###...####
#####


You could see 2 ice statues, a white ugly thing and 3 ice beasts.

Vanquished Creatures
  An orc warlord (Orc:1)
  3 two-headed ogres
  The ghost of kirsanium the Magician, a novice GnSk of Cheibriados (D:8)
  An orc knight (D:11)
  An ugly thing (IceCv)
  An orc sorcerer (Orc:1)
  2 cyclopes
  2 ice devils (Orc:1)
  A troll (D:10)
  A hornet (D:11)
  Prince Ribbit (D:5)
  Grinder (D:5)
  2 hippogriffs
  2 spriggans (D:8)
  A wyvern (D:8)
  15 yaks
  A hungry ghost (D:8)
  A warg (Orc:2)
  2 black bears (D:8)
  17 orc warriors
  An eye of draining (D:11)
  8 ice beasts
  2 sky beasts
  A necrophage (D:10)
  9 centaurs
  9 ogres
  A crocodile (D:9)
  2 big kobolds (D:10)
  A wyvern zombie (D:11)
  7 bullfrogs
  A gnoll sergeant (D:9)
  2 scorpions
  3 killer bees (D:8)
  10 wights (D:11)
  2 howler monkeys
  3 electric eels (D:9)
  A bullfrog zombie (D:7)
  5 crimson imps
  2 quasits
  A jelly (D:7)
  5 hounds
  Crazy Yiuf (D:4)
  12 orc priests
  3 iguanas
  Terence (D:2)
  Natasha (D:2)
  28 orc wizards
  9 worker ants
  2 worker ant zombies
  A hound skeleton (D:11)
  12 gnolls
  9 adders
  6 shadow imps
  6 worms
  2 dart slugs
  A leopard gecko (D:2)
  80 orcs
  7 bats
  8 giant cockroaches
  7 goblins
  3 hobgoblins
  17 jackals
  16 kobolds
  2 quokkas
  A ball python (D:5)
  3 frilled lizards
  2 leopard gecko skeletons (D:6)
  A quokka skeleton (D:4)
  10 rats
384 creatures vanquished.

Vanquished Creatures (others)
  A centaur (D:11)
  2 orc wizards (Orc:1)
  An orc (Orc:1)
  2 fungi (D:8)
  5 plants (D:8)
11 creatures vanquished.

Grand Total: 395 creatures vanquished

Notes
Turn   | Place    | Note
-------+----------+-------------------------------------------
     0 | D:1      | Amnesiac the Vine Stalker Fighter began the quest for the Orb.
     0 | D:1      | Reached XP level 1. HP: 11/11 MP: 2/2
    28 | D:1      | Reached XP level 2. HP: 10/16 MP: 3/3
   180 | D:1      | Reached skill level 1 in Dodging
   180 | D:1      | Reached XP level 3. HP: 9/19 MP: 2/4
   571 | D:2      | Noticed Terence
   586 | D:2      | Killed Terence
   586 | D:2      | Gained mutation: Your natural rate of healing is unusually fast. [Vine Stalker growth]
   586 | D:2      | Reached XP level 4. HP: 12/23 MP: 3/5
   594 | D:2      | Noticed a moth of wrath
   597 | D:2      | Found a bloodstained altar of Trog.
   809 | D:4      | Found a stormy altar of Qazlal.
   895 | D:4      | Noticed an ogre
   934 | D:4      | Found a staircase to the Ecumenical Temple.
   945 | Temple   | Entered the Ecumenical Temple
  1105 | Temple   | Became a worshipper of Gozag Ym Sagoz the Greedy
  1176 | D:4      | Found Yram's Distillery.
  1199 | D:4      | Reached XP level 5. HP: 27/27 MP: 6/6
  1239 | D:4      | Killed an ogre
  1239 | D:4      | Reached XP level 6. HP: 23/32 MP: 5/7
  1542 | D:4      | Got a faintly glowing leather armour
  1616 | D:4      | Found a blossoming altar of Fedhas.
  1634 | D:4      | Found a runed door.
  2019 | D:4      | Noticed Crazy Yiuf
  2023 | D:4      | Killed Crazy Yiuf
  2023 | D:4      | Reached skill level 5 in Short Blades
  2558 | D:2      | Found a glowing silver altar of Zin.
  2559 | D:2      | Found a shattered altar of Ashenzari.
  2666 | D:2      | Reached XP level 7. HP: 32/35 MP: 8/8
  2807 | D:2      | Noticed Natasha
  2814 | D:2      | Killed Natasha
  2839 | D:2      | Found a radiant altar of Vehumet.
  2850 | D:2      | Found a white marble altar of Elyvilon.
  3051 | D:2      | Identified the +1 leather armour "Egouchuf" {rElec MP+9 Str-2} (You found it on level 4 of the Dungeon)
  3116 | D:5      | Entered Level 5 of the Dungeon
  3186 | D:5      | Noticed Grinder
  3211 | D:5      | Killed Grinder
  3277 | D:5      | Gained mutation: You have razor-sharp teeth. [Vine Stalker growth]
  3277 | D:5      | Reached XP level 8. HP: 39/39 MP: 9/9
  3519 | D:5      | Noticed Prince Ribbit
  3528 | D:5      | Killed Prince Ribbit
  3528 | D:5      | Reached skill level 1 in Evocations
  3900 | D:6      | Reached XP level 9. HP: 37/45 MP: 11/11
  4586 | D:7      | Noticed a cyclops
  4642 | D:7      | Killed a cyclops
  5442 | D:8      | Reached XP level 10. HP: 40/51 MP: 13/13
  5450 | D:8      | Reached skill level 5 in Fighting
  5450 | D:8      | Reached skill level 5 in Shields
  6094 | D:8      | Reached skill level 5 in Dodging
  6110 | D:8      | Found a runed door.
  6116 | D:8      | Noticed kirsanium's ghost (novice GnSk)
  6269 | D:8      | Reached skill level 5 in Armour
  6351 | D:8      | Found a white marble altar of Elyvilon.
  6945 | D:8      | Killed kirsanium's ghost
  6945 | D:8      | Reached skill level 5 in Evocations
  6951 | D:8      | Got a crude spear {drain}
  7326 | D:9      | Reached XP level 11. HP: 32/56 MP: 9/16
  7682 | D:9      | Found a staircase to the Lair.
  7959 | D:10     | Entered Level 10 of the Dungeon
  8245 | D:10     | Noticed a two-headed ogre
  8255 | D:10     | Killed a two-headed ogre
  8534 | D:10     | Found the brooch of Shielding {Reflect SH+8}
  8964 | D:11     | Noticed a two-headed ogre
  8975 | D:11     | Killed a two-headed ogre
  9095 | D:11     | Learned a level 3 spell: Regeneration
  9425 | D:11     | Found a staircase to the Orcish Mines.
  9486 | D:11     | Noticed a cyclops
  9498 | D:11     | Killed a cyclops
  9558 | Orc:1    | Entered Level 1 of the Orcish Mines
  9594 | Orc:1    | Gained mutation: You heal very quickly. [Vine Stalker growth]
  9594 | Orc:1    | Reached XP level 12. HP: 53/63 MP: 18/18
  9814 | Orc:2    | Entered Level 2 of the Orcish Mines
  9915 | Orc:1    | Noticed a two-headed ogre
  9939 | Orc:1    | Killed a two-headed ogre
  9986 | Orc:1    | Noticed an orc warlord
 10107 | Orc:1    | Killed an orc warlord
 10302 | Orc:1    | Found a frozen archway.
 10314 | IceCv    | Entered an ice cave
 10332 | IceCv    | Found a transporter.
 10423 | IceCv    | Found a transporter.
 10428 | IceCv    | Engulfed by an ice statue's freezing vapour

Vault maps used:
D:1:      minmay_arrival_stone_box, st_stairs_1
D:2:      tgw_trog, minitemple, grunt_temple_overflow_open, uniq_natasha,
          uniq_terence
D:4:      lemuel_crystal_altar, minmay_temple_entry_nine_rooms, serial_shops,
          shop_coins, fedhas_altar_3, uniq_crazy_yiuf_cottage
D:5:      first_ration, minivault_1, uniq_prince_ribbit1, uniq_grinder
D:7:      grunt_ogre_cave
D:8:      ebering_ghost_funeral_grove, serial_co_window_serial,
          co_window_corner_a, co_window_corner_a, co_window_paths_a,
          co_window_corner_a, co_window_corner_a, co_window_paths_b,
          co_window_cross_3, co_window_cross_2, co_window_corner_b,
          co_window_of_opportunity_b, glass_columns_a, glass_columns_a,
          glass_columns_c, nrook_loot_triangle, lemuel_centaur_altar
D:9:      lair_entry_dummy, chequers_big_river
D:11:     david_orc_4
Temple:   eino_temple_scatter_basement
Orc:1:    portal_ice_cave_demonic_guard
Orc:2:    st_orc_town, nicolae_orc_lava_tube
IceCv:    ice_cave_statue_garden_transporter

Skill      XL: |  1  2  3  4  5  6  7  8  9 10 11 12 |
---------------+-------------------------------------+-----
Short Blades   | 2 3 4 5 7 8 |  8.0
Dodging        | 1 2 3 4 5 6 7 |  7.3
Fighting       | 3 4 6 7 8 |  8.1
Shields        | 3 4 6 7 8 |  8.1
Evocations     | 2 3 5 6 7 |  7.5
Armour         | 3 4 5 6 7 |  7.3

Action                   |  1- 3 |  4- 6 |  7- 9 | 10-12 || total
-------------------------+-------+-------+-------+-------++-------
Melee: Rapier            |    82 |    12 |       |       ||    94
       Bite              |    24 |    50 |   144 |   534 ||   752
       Dagger            |       |   129 |   366 |  1362 ||  1857
Invok: Potion Petition   |       |     1 |       |       ||     1
Evoke: Wand              |       |       |       |     5 ||     5
  Use: Scroll            |       |       |    16 |     4 ||    20
       Potion            |       |       |     2 |     2 ||     4
 Stab: Distracted        |       |       |     1 |     5 ||     6
  Eat: Ration            |       |     3 |     2 |     6 ||    11
Armor: Scale mail        |    44 |    46 |     8 |       ||    98
       Leather armour    |       |       |    38 |       ||    38
       Plate armour      |       |       |    28 |   369 ||   397
Dodge: Dodged            |    27 |    37 |    46 |   124 ||   234
Block: Shield            |    43 |    38 |    10 |       ||    91
       Large shield      |       |       |   212 |   965 ||  1177
       Reflection        |       |       |       |    21 ||    21

Table legend:
 A = Spawn XP
 B = Non-spawn XP
 C = Spawn XP percentage of total XP
 D = Spawn monster count
 E = Non-spawn monster count
 F = Spawn count percentage of total count
 G = Total turns spent on level
                    A         B        C        D         E        F      G
               +---------+---------+-------+---------+---------+-------+---------
         Total |       0 |   26329 |   0.0 |       0 |     386 |   0.0 | 10428
               +---------+---------+-------+---------+---------+-------+---------
           D:1 |       0 |      53 |   0.0 |       0 |      30 |   0.0 |   489
           D:2 |       0 |     153 |   0.0 |       0 |      30 |   0.0 |   650
           D:3 |       0 |     164 |   0.0 |       0 |      18 |   0.0 |   644
           D:4 |       0 |     307 |   0.0 |       0 |      13 |   0.0 |  1153
           D:5 |       0 |    1046 |   0.0 |       0 |      24 |   0.0 |   474
           D:6 |       0 |    1000 |   0.0 |       0 |      22 |   0.0 |   956
           D:7 |       0 |    1306 |   0.0 |       0 |      19 |   0.0 |   843
           D:8 |       0 |    4206 |   0.0 |       0 |      48 |   0.0 |  1616
           D:9 |       0 |    1389 |   0.0 |       0 |      22 |   0.0 |   954
          D:10 |       0 |    3611 |   0.0 |       0 |      44 |   0.0 |   747
          D:11 |       0 |    5756 |   0.0 |       0 |      57 |   0.0 |   892
         Orc:1 |       0 |    5837 |   0.0 |       0 |      51 |   0.0 |   696
         Orc:2 |       0 |     161 |   0.0 |       0 |       1 |   0.0 |    20
         IceCv |       0 |    1340 |   0.0 |       0 |       7 |   0.0 |   114
               +---------+---------+-------+---------+---------+-------+---------
